 Dungeon Crawl Stone Soup version 0.29-a0-973-gac7da5f7f0 (webtiles) character file.

Game seed: 2288907254258898231

35 xian the Shield-Bearer (level 3, -7/33 HPs)
             Began as a Minotaur Fighter on Aug 1, 2022.
             Mangled by a gnoll
             ... wielding a +0 halberd
              (9 damage)
             ... on level 2 of the Dungeon.
             The game lasted 00:01:44 (1437 turns).

xian the Shield-Bearer (Minotaur Fighter)           Turns: 1437, Time: 00:01:45

Health: -7/33      AC:  7    Str: 22    XL:     3   Next: 16%
Magic:  2/2        EV:  9    Int:  5    God:
Gold:   74         SH:  4    Dex:  9    Spells: 2/2 levels left

rFire   . . .      SeeInvis .   e - +2 short sword (flame)
rCold   . . .      Faith    .   c - +0 buckler
rNeg    . . .      Spirit   .   b - +0 scale mail
rPois   .          Reflect  .   (helmet restricted)
rElec   .          Harm     .   (no cloak)
rCorr   .          Rampage  .   (no gloves)
Will    .....                   (no boots)
Stlth   ..........              (no amulet)
HPRegen 0.11/turn               (no ring)
MPRegen 0.08/turn               (no ring)

@: no status effects
A: horns 2, retaliatory headbutt
a: no special abilities


You were on level 2 of the Dungeon.
You visited 1 branch of the dungeon, and saw 2 of its levels.

You collected 74 gold pieces.

Inventory:

Hand Weapons
 e - a +2 short sword of flaming (weapon)
Armour
 b - a +0 scale mail (worn)
 c - a +0 buckler (worn)
Jewellery
 a - a ring of protection from cold
Scrolls
 f - 2 scrolls of identify {unknown}
 g - a scroll of fog {unknown}
 i - a scroll of teleportation {unknown}
 j - a scroll of silence {unknown}
 k - 2 scrolls of enchant weapon {unknown}
Potions
 d - a potion of might
 h - 2 potions of heal wounds {unknown}


   Skills:
 + Level 3.9 Fighting
 + Level 0.6 Short Blades
 + Level 2.5 Maces & Flails
 + Level 4.1 Armour
 + Level 4.3 Shields


You had 2 spell levels left.
You didn't know any spells.
Your spell library was empty.

Dungeon Overview and Level Annotations

Branches:
Dungeon (2/15)

Altars:


Innate Abilities, Weirdness & Mutations

You have a pair of horns on your head.
You reflexively headbutt those who attack you in melee.


Message History

You see here a hobgoblin corpse.
You see here a hobgoblin corpse.
You see here a +0 whip.
You open the door.
A gnoll comes into view. It is wielding a +0 spear.
The gnoll shouts!
Found a sling.
A rat and 2 gnolls come into view.
The gnoll shouts!
The gnoll moves out of view.
There is an open door here.
The gnoll hits you from afar with a +0 halberd.
The gnoll hits you but does no damage.
You hit the gnoll but do no damage. The gnoll misses you.
The gnoll closely misses you.
You hit the gnoll. You burn the gnoll. You headbutt the gnoll!
You kill the gnoll!
The gnoll hits you but does no damage.
You have reached level 3!
Your experience leads to an increase in your attributes!
Increase (S)trength, (I)ntelligence, or (D)exterity?
You feel stronger. x2
The gnoll hits you but does no damage. The gnoll closely misses you.
You furiously retaliate!
You headbutt the gnoll, but do no damage.
You see here a +0 spear.
You hit the gnoll but do no damage. The gnoll closely misses you.
The gnoll hits you but does no damage.
You barely miss the gnoll. You block the gnoll's attack.
The gnoll hits you from afar with a +0 spear.
You hit the gnoll. You burn the gnoll.
The gnoll is lightly wounded.
The gnoll hits you with a +0 halberd! The gnoll closely misses you.
The gnoll hits you from afar with a +0 spear.
The gnoll hits you with a +0 halberd!
* * * LOW HITPOINT WARNING * * *
You hit the gnoll. You burn the gnoll.
The gnoll is moderately wounded.
The gnoll hits you with a +0 halberd!
You die...

#...........#
#.#########.#
#...#<......#
###.######..#
#.....##..#### #######
#####.##.....# .......
#.##.###.#
......)######....###.#
......gg@...###...†..#
......r####.# #.######
....... #.# #.#
....... #.# #.#
....... ##.###.#
....... #....).####
....... ####......#
....... #.####.# #.# #


You could see 2 gnolls and a rat.

Vanquished Creatures
  A gnoll (D:2)
  A worm (D:2)
  2 dart slugs
  A bat (D:1)
  2 endoplasms (D:1)
  A giant cockroach (D:1)
  A goblin (D:1)
  A hobgoblin (D:2)
  4 kobolds (D:1)
  2 ball pythons
  A rat (D:2)
17 creatures vanquished.

Notes
Turn   | Place    | Note
-------+----------+-------------------------------------------
     0 | D:1      | xian the Minotaur Fighter began the quest for the Orb.
     0 | D:1      | Reached XP level 1. HP: 19/19 MP: 0/0
   338 | D:1      | You fall into a shaft and drop 1 floor!
   390 | D:2      | Reached XP level 2. HP: 20/27 MP: 1/1
   774 | D:1      | Found a faded altar of an unknown god.
  1433 | D:2      | Reached XP level 3. HP: 27/33 MP: 2/2
  1437 | D:2      | Mangled by a gnoll

Illustrated notes

Levels and vault maps discovered:
D:1:      mushboom_english_gardens, layout_loops_corners,
          basic_ecumenical_altar, eino_curves_03
D:2:      layout_basic

Skill      XL: |  1  2 |
---------------+-------+-----
Shields        | 4 |  4.3
Armour         | 4 |  4.1
Fighting       | |  3.9
Short Blades   | |  0.6
Maces & Flails | |  2.5

Action                   || total
-------------------------++-------
Melee: Short sword       ||    51
       Flail             ||     2
       Headbutt          ||     7
Armor: Scale mail        ||    25
Dodge: Dodged            ||    26
Block: Buckler           ||    10

Table legend: (Time is in decaauts)
 A = Elapsed time spent in this place.
 B = Non-inter-level travel time spent in this place.
 C = Inter-level travel time spent in this place.
 D = Time resting spent in this place.
 E = Time spent auto-exploring this place.
 F = Levels seen in this place.
 G = Mean time per level.
                   A        B        C        D        E       F      G
               +--------+--------+--------+--------+--------+-----+--------+
         Total |   1443 |   1434 |      9 |      0 |   1220 |   2 |  721.5 |
       Dungeon |   1443 |   1434 |      9 |      0 |   1220 |   2 |  721.5 |
               +--------+--------+--------+--------+--------+-----+--------+

Top non-repeatable levels by time:
     D:1: 1063 daAuts
     D:2: 379 daAuts
